 Dungeon Crawl Stone Soup version 0.22.1-6-g1668fe2c40 (webtiles) character file.

493 LabCoat the Covered (level 7, 0/56 HPs)
             Began as a Human Fighter on Jan 20, 2019.
             Slain by Flure's ghost (11 damage)
             ... on level 4 of the Dungeon.
             The game lasted 00:24:06 (3685 turns).

LabCoat the Covered (Human Fighter)                 Turns: 3685, Time: 00:24:06

Health: 0/56       AC: 11    Str: 22      XL:     7   Next: 37%
Magic:  10/10      EV:  9    Int:  8 (9)  God:
Gold:   190        SH: 10    Dex: 12 (13) Spells: 10/10 levels left

rFire    . . .     SeeInvis .   t - +0 mace (drain)
rCold    + . .     Gourm    .   c - +0 shield
rNeg     . . .     Faith    .   b - +0 scale mail
rPois    .         Spirit   .   (no helmet)
rElec    .         Reflect  .   g - scarf {cloud immunity}
rCorr    .         Harm     .   (no gloves)
MR       .....     Rnd*Tele +   (no boots)
Stlth    +.........             (no amulet)
HPRegen  0.18/turn              m - ring of protection from cold
MPRegen  0.12/turn              p - ring of teleportation (curse)

@: mighty
A: icy blue scales 1, molten scales 1, wild magic 1
a: no special abilities


You were on level 4 of the Dungeon.
You were not hungry.

You visited 1 branch of the dungeon, and saw 4 of its levels.

You collected 190 gold pieces.

Inventory:

Hand Weapons
 n - a +1 flail of protection
 r - a +0 hunting sling
 t - a +0 mace of draining (weapon)
Missiles
 h - 2 needles of sleeping
 j - 22 sling bullets
 l - 7 curare-tipped needles
 q - 65 arrows
Armour
 b - a +0 scale mail (worn)
 c - a +0 shield (worn)
 g - a scarf of cloud immunity (worn)
Jewellery
 m - a ring of protection from cold (left hand)
 p - a cursed ring of teleportation (right hand)
Wands
 k - a wand of disintegration (16)
Scrolls
 i - 2 scrolls of identify
 s - a scroll of remove curse {unknown}
Comestibles
 a - 3 chunks of flesh
 f - 5 rations


   Skills:
 + Level 5.2 Fighting
 * Level 5.0 Maces & Flails
 * Level 1.0(2.1) Slings
 + Level 2.9(3.0) Throwing
 + Level 5.5 Armour
 * Level 3.3 Dodging
 + Level 2.4 Stealth
 + Level 5.0 Shields
 + Level 2.5 Unarmed Combat
 + Level 2.0 Spellcasting
   Level 3.8 Invocations


You had 10 spell levels left.
You didn't know any spells.
Your spell library was empty.

Dungeon Overview and Level Annotations

Branches:
Dungeon (4/15)
 Temple: D:4-7

Altars:
Okawaru
Ru
Sif Muna

Annotations:
D:4 1 runed door, Flure's ghost, amateur TeGl


Innate Abilities, Weirdness & Mutations

You are partially covered in icy blue scales. (AC +2)
You are partially covered in molten scales. (AC +2)
Your spells are a little harder to cast, but a little more powerful.


Message History

You miss Flure's ghost.
Flure's ghost is moderately damaged.
Flure's ghost hits you!
* * * LOW HITPOINT WARNING * * *
Flure's ghost hits you.
* * * LOW HITPOINT WARNING * * *
Sorry, you're not good enough to have a special ability.
It was a potion of magic.
Magic courses through your body. You block Flure's ghost's attack.
The giant cockroach waves its antennae.
You feel very mighty all of a sudden. You block Flure's ghost's attack.
The giant cockroach closely misses you.
You sock the giant cockroach!
You kill the giant cockroach!
Flure's ghost hits you but does no damage.
You closely miss Flure's ghost.
Flure's ghost is moderately damaged.
Flure's ghost hits you!
You die...

#....#...#...#....
#....#...#...#....
#....##)####'###..
#......).......#..
#......))......#..
#..............#.. ..
#..............'.. ..(.
#..............#.. ....
#@.............#..
...####+#W.............#..
#......r.#+###.......###.
#........#...#.......###.
#........#...#.......##..
######........#...#.......##..
..............#....#########..
..............#+##.# #..
...................# #..


You could see Flure's ghost and a river rat.

Vanquished Creatures
  A phantom (D:4)
  A water moccasin skeleton (D:4)
  3 orc wizards (D:4)
  Natasha (thrice) (D:2)
  7 adders
  An ooze (D:1)
  2 dart slugs
  4 leopard geckos
  9 orcs
  3 ball pythons
  11 bats
  6 giant cockroaches
  10 goblins
  2 hobgoblins
  5 jackals
  2 quokkas (D:3)
  3 frilled lizards
  6 kobolds
  5 rats
84 creatures vanquished.

Notes
Turn   | Place    | Note
-------+----------+-------------------------------------------
     0 | D:1      | LabCoat the Human Fighter began the quest for the Orb.
     0 | D:1      | Reached XP level 1. HP: 18/18 MP: 1/1
     3 | D:1      | Noticed an electric eel
     3 | D:1      | Noticed an electric eel
    23 | D:1      | Reached XP level 2. HP: 20/24 MP: 2/2
   298 | D:1      | Reached XP level 3. HP: 27/29 MP: 3/3
  1197 | D:2      | Found a sacrificial altar of Ru.
  1235 | D:2      | Reached skill level 5 in Fighting
  1235 | D:2      | Reached skill level 5 in Armour
  1235 | D:2      | Reached XP level 4. HP: 22/39 MP: 3/7
  1419 | D:2      | Reached XP level 5. HP: 42/44 MP: 8/8
  1487 | D:2      | Noticed Natasha
  1506 | D:2      | Killed Natasha
  1776 | D:2      | Gained mutation: Your spells are a little harder to cast,
                  | but a little more powerful. [potion of mutation]
  1776 | D:2      | Gained mutation: You are partially covered in molten
                  | scales. (AC +2) [potion of mutation]
  1776 | D:2      | Gained mutation: You are partially covered in icy blue
                  | scales. (AC +2) [potion of mutation]
  1875 | D:2      | Noticed Natasha
  1882 | D:2      | Killed Natasha
  2006 | D:2      | Noticed Natasha
  2010 | D:2      | Killed Natasha
  2010 | D:2      | Reached XP level 6. HP: 51/51 MP: 9/9
  2378 | D:3      | Found a faded altar of an unknown god.
  3305 | D:4      | Noticed a phantom
  3334 | D:4      | Killed a phantom
  3334 | D:4      | Reached skill level 5 in Shields
  3349 | D:4      | Noticed an orc warrior
  3354 | D:4      | Found a runed door.
  3360 | D:4      | Reached XP level 7. HP: 49/56 MP: 10/10
  3436 | D:4      | Found a deep blue altar of Sif Muna.
  3556 | D:4      | Found an iron altar of Okawaru.
  3630 | D:4      | Reached skill level 5 in Maces & Flails
  3630 | D:4      | Reached skill level 1 in Slings
  3657 | D:4      | Found a runed door.
  3661 | D:4      | Noticed Flure's ghost (amateur TeGl)
  3685 | D:4      | Slain by Flure's ghost

Skill      XL: |  1  2  3  4  5  6  7 |
---------------+----------------------+-----
Fighting       | 5 |  5.2
Maces & Flails | 4 5 |  5.0
Throwing       | 2 |  2.9
Armour         | 5 |  5.5
Dodging        | 3 |  3.3
Stealth        | 2 |  2.4
Shields        | 4 5 |  5.0
Unarmed Combat | 2 |  2.5
Spellcasting   | 2 |  2.0
Invocations    | 3 |  3.8
Slings         | 1 |  1.0

Action                   |  1- 3 |  4- 6 |  7- 9 || total
-------------------------+-------+-------+-------++-------
Melee: Flail             |    62 |    93 |       ||   155
       Mace              |       |    12 |    32 ||    44
 Fire: Hunting sling     |       |    16 |     3 ||    19
Throw: Javelin           |    20 |    60 |     7 ||    87
  Use: Scroll            |     2 |     3 |       ||     5
       Potion            |     4 |     3 |     2 ||     9
  Eat: Chunk             |     1 |     3 |     2 ||     6
       Ration            |       |     1 |       ||     1
Armor: Scale mail        |    49 |    45 |    31 ||   125
Dodge: Dodged            |    20 |    48 |    14 ||    82
Block: Shield            |    52 |    50 |    20 ||   122
